 Dungeon Crawl Stone Soup version 0.19.0-11-g3fc08b3 (webtiles) character file.

25 ufetubus the Conjurer (level 2, -1/20 HPs)
             Began as a Demigod Conjurer on Nov 10, 2016.
             Killed by nerve-wracking pain
             ... invoked by Jessica
              (9 damage)
             ... on level 1 of the Dungeon.
             The game lasted 00:01:58 (770 turns).

ufetubus the Conjurer (Demigod Conjurer)             Turns: 770, Time: 00:01:59

Health: -1/20      AC:  3    Str: 11    XL:     2   Next: 66%
Magic:  1/7        EV: 12    Int: 19    God:
Gold:   50         SH:  0    Dex: 16    Spells: 1 memorised, 3 levels left

rFire  . . .     SeeInvis .     h - +0 dagger
rCold  . . .     Gourm    .     a - +0 robe
rNeg   . . .     Faith    .     (no shield)
rPois  .         Spirit   .     d - +0 helmet
rElec  .         Reflect  .     (no cloak)
rCorr  .         Harm     .     (no gloves)
MR     .....                    (no boots)
Stlth  ++........               (no amulet)
                                (no ring)
                                (no ring)

@: slowed, very slow
A: high mp 1
a: no special abilities


You were on level 1 of the Dungeon.
You were not hungry.

You visited 1 branch of the dungeon, and saw 2 of its levels.

You collected 50 gold pieces.

Inventory:

Hand Weapons
 h - a +0 dagger (weapon)
Armour
 a - a +0 robe (worn)
 d - a +0 helmet (worn)
Scrolls
 g - a scroll of noise {unknown}
 m - a scroll of identify {unknown}
Potions
 e - 2 potions of curing {unknown}
 i - a potion of heal wounds {unknown}
 k - a potion of ambrosia {unknown}
 l - a potion of cancellation {unknown}
Books
 b - a book of Conjurations

   Spells                             Type                      Level
   a - Magic Dart                     Conjuration                  1
   b - Searing Ray                    Conjuration                  2
   c - Dazzling Spray                 Conjuration/Hexes            3
   d - Fulminant Prism                Conjuration/Hexes            4
   e - Iskenderun's Mystic Blast      Conjuration                  4
   f - Iskenderun's Battlesphere      Conjuration/Charms           5
Comestibles
 c - a bread ration
 f - a chunk of flesh
 j - 4 fruits


   Skills:
 - Level 1.7 Dodging
 - Level 1.7 Stealth
 - Level 1.7 Spellcasting
 + Level 4.4 Conjurations


You had 3 spell levels left.
You knew the following spells:

 Your Spells              Type           Power        Failure   Level  Hunger
a - Magic Dart            Conj           ###.         3%          1    #......


Dungeon Overview and Level Annotations

Branches:
Dungeon (2/15)

Annotations:
D:1 Jessica


Innate Abilities, Weirdness & Mutations

You have an increased reservoir of magic. (+10% MP)


Message History

Jessica blinks!
The ooze closely misses you.
Casting: Magic Dart
Confirm with . or Enter, or press ? or * to list all spells.
Aiming: Magic Dart
Press: ? - help, Shift-Dir - straight line, f - ooze
Aim: an ooze (severely wounded)
The magic dart hits the ooze.
The ooze is almost dead.
The ooze closely misses you.
Casting: Magic Dart
Confirm with . or Enter, or press ? or * to list all spells.
Aiming: Magic Dart
Press: ? - help, Shift-Dir - straight line, f/p - ooze
Aim: an ooze (almost dead)
The magic dart hits the ooze.
You kill the ooze!
Jessica zaps a wand.
You resist with significant effort.
Jessica points at you and mumbles some strange words.
Pain shoots through your body!
You die...

'.........##..# #..#
#......#. ##.......##..##
#..####......##
###.....###.##
#.....#......'. #
##...####.#
###..##.#......## #
##.#'##..#
#.#..##.#......# #
#.#.....# #...........[..#
# #...##..#
#.#.#####.....###
#######.#####.#.#
#........ ###
#..@..@...######....###
..# #>###..........#....#
#.# #.# #..........######
#.# #.# #..........# #.#
###.###..........# #.#
#.....#..........#
#.#######.)@..#..........#
..............#..........#
.........##...#..........#


You could see Jessica.

Vanquished Creatures
  An ooze (D:1)
  A leopard gecko (D:1)
  6 bats (D:1)
  3 goblins (D:1)
  A hobgoblin (D:1)
  A ball python (D:1)
  2 frilled lizards (D:1)
  4 kobolds (D:1)
  A rat (D:1)
20 creatures vanquished.

Notes
Turn   | Place    | Note
-------+----------+-------------------------------------------
     0 | D:1      | ufetubus the Demigod Conjurer began the quest for the Orb.
     0 | D:1      | Reached XP level 1. HP: 14/14 MP: 5/5
   129 | D:1      | Reached skill level 4 in Conjurations
   287 | D:1      | Reached XP level 2. HP: 20/20 MP: 4/7
   755 | D:2      | Noticed Jessica
   770 | D:1      | Killed from afar by Jessica

Skill      XL: |  1 |
---------------+----+-----
Conjurations   | 4 |  4.4
Dodging        | |  1.7
Stealth        | |  1.7
Spellcasting   | |  1.7

Action                   || total
-------------------------++-------
 Cast: Magic Dart        ||    39
Armor: Robe              ||     5
Dodge: Dodged            ||    10
